 Dungeon Crawl Stone Soup version 0.19.0 (webtiles) character file.

148 kraedy the Cudgeler (level 5, -1/32 HPs)
             Began as a Gargoyle Fighter on Nov 1, 2016.
             Was an Initiate of Okawaru.
             Slain by an ogre
             ... wielding a +0 giant club
              (17 damage)
             ... on level 4 of the Dungeon.
             The game lasted 00:05:48 (1676 turns).

kraedy the Cudgeler (Gargoyle Fighter)              Turns: 1676, Time: 00:05:49

Health: -1/32      AC: 10    Str: 21    XL:     5   Next: 30%
Magic:  5/5        EV: 11    Int:  8    God:    Okawaru [......]
Gold:   138        SH:  9    Dex:  9    Spells: 0 memorised, 4 levels left

rFire  . . .     SeeInvis .     h - +1 whip
rCold  . . .     Gourm    .     b - +0 scale mail
rNeg   + . .     Faith    .     c - +0 shield
rPois  ∞         Spirit   .     (no helmet)
rElec  +         Reflect  .     (no cloak)
rCorr  .         Harm     .     (no gloves)
MR     .....                    (no boots)
Stlth  ..........               (no amulet)
                                (no ring)
                                m - +4 ring of evasion

@: no status effects
A: negative energy resistance 1, electricity resistance, unbreathing,
petrification resistance, rot immunity, AC +4
a: Renounce Religion


You were on level 4 of the Dungeon.
You worshipped Okawaru.
Okawaru was noncommittal.
You were not hungry.

You visited 1 branch of the dungeon, and saw 4 of its levels.

You collected 138 gold pieces.

Inventory:

Hand Weapons
 h - a +1 whip (weapon)
Missiles
 i - 12 arrows
Armour
 b - a +0 scale mail (worn)
 c - a +0 shield (worn)
Jewellery
 m - a +4 ring of evasion (left hand)
Wands
 d - a wand of hasting (2/9)
Scrolls
 a - a scroll of teleportation
 e - 2 scrolls of identify
 l - a scroll of remove curse
Potions
 g - 5 potions of curing
 j - a potion of resistance {unknown}
Comestibles
 f - 2 bread rations
 k - a chunk of flesh


   Skills:
 - Level 3.2 Fighting
 + Level 5.3 Maces & Flails
 - Level 3.2 Armour
 - Level 3.2 Shields


You had 4 spell levels left.
You didn't know any spells.

Dungeon Overview and Level Annotations

Branches:
Dungeon (4/15)             Temple (0/1) D:4

Altars:
Okawaru

Annotations:
D:2 Sigmund


Innate Abilities, Weirdness & Mutations

You are resistant to torment.
Your stone body is resilient. (AC +4)
You are immune to poison.
You resist negative energy. (rN+)
You are resistant to electric shocks. (rElec)
You can survive without breathing.
You are immune to petrification.
You are immune to rotting.


Message History

The ogre is heavily wounded.
The ogre misses you.
You hit the ogre.
The ogre is severely wounded.
You hit the ogre.
The ogre is almost dead.
You block the ogre's attack.
You hit the ogre.
The ogre is almost dead.
The ogre closely misses you.
Your shield prevents you from hitting the ogre.
The ogre is almost dead.
The ogre barely misses you.
You hit the ogre but do no damage.
The ogre is almost dead.
You hit the ogre but do no damage.
The ogre is almost dead.
The ogre hits you with a giant club!
Ouch! That really hurt!
You die...

##############
#........#...#
#........#...#
#........#...######
#..................
#......@.#.....###
#......O.#.>.#.....
#........#...# ####
#........#...#
#####.####...# #.
##...######## # #.
##.....#.....## .
#.##.............###
#...............#.


You could see an ogre.

Vanquished Creatures
  A hound (D:4)
  An orc wizard (D:3)
  3 adders
  2 oozes
  A dart slug (D:1)
  9 orcs
  2 giant cockroaches
  3 goblins
  2 hobgoblins (D:3)
  4 jackals
  A ball python (D:1)
  9 bats
  3 frilled lizards
  5 kobolds
  4 rats
50 creatures vanquished.

Notes
Turn   | Place    | Note
-------+----------+-------------------------------------------
     0 | D:1      | kraedy the Gargoyle Fighter began the quest for the Orb.
     0 | D:1      | Reached XP level 1. HP: 14/14 MP: 1/1
    48 | D:1      | Reached XP level 2. HP: 16/19 MP: 2/2
   140 | D:1      | Reached skill level 3 in Maces & Flails
   189 | D:1      | Found an iron altar of Okawaru.
   203 | D:1      | Became a worshipper of Warmaster Okawaru
   495 | D:2      | Reached XP level 3. HP: 23/23 MP: 3/3
   710 | D:2      | Noticed Sigmund
   871 | D:3      | Reached skill level 4 in Maces & Flails
   939 | D:3      | Reached XP level 4. HP: 20/28 MP: 4/4
  1253 | D:3      | Reached skill level 5 in Maces & Flails
  1276 | D:3      | Reached XP level 5. HP: 26/32 MP: 5/5
  1501 | D:4      | Found a staircase to the Ecumenical Temple.
  1660 | D:4      | Noticed an ogre
  1676 | D:4      | Slain by an ogre

Skill      XL: |  1  2  3  4 |
---------------+-------------+-----
Maces & Flails | 3 4 5 |  5.3
Fighting       | |  3.2
Armour         | |  3.2
Shields        | |  3.2

Action                   |  1- 3 |  4- 6 || total
-------------------------+-------+-------++-------
Melee: Flail             |    53 |       ||    53
       Whip              |    88 |   182 ||   270
  Use: Scroll            |       |     5 ||     5
       Potion            |       |     1 ||     1
  Eat: Chunk             |       |     3 ||     3
Armor: Scale mail        |    83 |    67 ||   150
Dodge: Dodged            |    54 |    43 ||    97
Block: Shield            |    79 |    96 ||   175
